[Event "Vegagatan U1800-A"]
[Site "Goteborgs Schackcentrum, Vegatan 20, Gothenburg, Sweden"]
[Date "2025.05.03"]
[Round "1.1"]
[White "Gustavsson, Ville"]
[Black "Murugaraja, Yogeshwer"]
[Result "1/2-1/2"]
[TimeControl "30 minutes + 30 seconds per move from move one"]
[WhiteFideId "1792822"]
[BlackFideId "1779389"]
[WhiteElo "1752"]
[BlackElo "1762"]

1. e4 c5 2. c3 d5 3. exd5 Qxd5 4. Nf3 Bg4 5. Qa4+ Bd7 6. Qf4 Bc6 7. Bc4 Qe4+ 8. Qxe4 Bxe4 9. Ne5 e6 10.
O-O Nc6 11. Bb5 a6 12. Bxc6+ Bxc6 13. Nxc6 bxc6 14. Na3 Nf6 15. d3 Nd5 16. Nc4 f6 17. Re1 Kd7 18. Be3 Rb8 19. Rab1 Bd6 20. Nd2 Rb7 21. Ne4 Nxe3 22.
Nxd6 Kxd6 23. Rxe3 Rhb8 24. b3 a5 25. Re4 f5 26. Ra4 Ra8 27. Rd1 e5 28. f3 Kd5 29. Kf2 g5 30. h4 gxh4 31.
d4 cxd4 32. cxd4 e4 33. Rh1 Rb4 34. Ke3 exf3 35. gxf3 Rxa4 36. bxa4 Rb8 37. Rxh4 Rb4 38. Rxh7 Rxa4 39. Rh5 Rxa2 40. Rxf5+ Ke6 41. Rc5 1/2-1/2

[Event "Vegagatan U1800-A"]
[Site "Goteborgs Schackcentrum, Vegatan 20, Gothenburg, Sweden"]
[Date "2025.05.03"]
[Round "1.2"]
[White "Nilsson, Christer"]
[Black "Hitcher, Oscar"]
[Result "1/2-1/2"]
[TimeControl "30 minutes + 30 seconds per move from move one"]
[WhiteFideId "1777602"]
[BlackFideId "1746901"]
[WhiteElo "1710"]
[BlackElo "1716"]

1. e4 e6 2. Nf3 d5 3. exd5 exd5 4. d4 Nf6 5. c3 Bg4 6. h3 Bh5 7. Bd3 Be7 8. O-O O-O 9. Re1 Nbd7 10.
Nbd2 Re8 11. Nf1 Bd6 12. Rxe8+ Qxe8 13. Ng3 Bxg3 14. fxg3 c5 15. g4 Bg6 16. Bf4 Bxd3 17. Qxd3 c4 18.
Qc2 Qe4 19. Qd2 Re8 20. Re1 Qg6 21. Rxe8+ Nxe8 22. a3 Qb1+ 23. Kh2 Nef6 24. Qe2 Qe4 25. Qd2 b5 26. Nh4 g6 27. Nf3 a5 28.
Ne5 Nxe5 29. Bxe5 Nd7 30. Bc7 a4 31. Bf4 1/2-1/2

[Event "Vegagatan U1800-A"]
[Site "Goteborgs Schackcentrum, Vegatan 20, Gothenburg, Sweden"]
[Date "2025.05.03"]
[Round "1.3"]
[White "Al Jomaa, Valid"]
[Black "Evertsson, David"]
[Result "1-0"]
[TimeControl "30 minutes + 30 seconds per move from move one"]
[WhiteFideId "1766554"]
[BlackFideId "1777424"]
[WhiteElo "1720"]
[BlackElo "1705"]

1. d4 Nf6 2. c4 e6 3. Nc3 Bb4 4. Qc2 d5 5. cxd5 exd5 6. Bg5 c5 7. Nf3 Nc6 8. dxc5 Be6 9. e3 Qa5 10.
Bxf6 gxf6 11. Nd4 Qxc5 12. Bb5 Rg8 13. Bxc6+ bxc6 14. Nxe6 fxe6 15. O-O Rg7 16. Rac1 Ke7 17. a3 Bxc3 18.
Qxc3 Qxc3 19. Rxc3 Rag8 20. g3 Kd6 21. Rfc1 Rc8 22. Rc5 Rgc7 23. b4 Kd7 24. Kg2 Kd6 25. Kf3 Kd7 26. h4 Kd6 27.
g4 Kd7 28. Kg3 Kd6 29. f4 Kd7 30. g5 fxg5 31. fxg5 Kd6 32. Kg4 Kd7 33. h5 Kd6 34. g6 hxg6 35. hxg6 Kd7 36. Kg5 Kd6 37.
Rh1 Rg8 38. Rh6 Rcg7 39. Kf6 Kd7 40. Rh7 Rxh7 41. gxh7 Rc8 42. Kg7 Re8 43. h8=Q Rxh8 44. Kxh8 Kd6 45. Kg7 e5 46. Kf6 a6 47.
Kf5 e4 48. Ra5 Kc7 49. Rxa6 Kb7 50. Ra5 Kb8 51. Rc5 Kb7 52. Ke5 Kc7 53. Rxd5 cxd5 54. Kxd5 1-0

[Event "Vegagatan U1800-A"]
[Site "Goteborgs Schackcentrum, Vegatan 20, Gothenburg, Sweden"]
[Date "2025.05.03"]
[Round "1.4"]
[White "Norberg, Peter"]
[Black "Zejak, Branislav"]
[Result "1/2-1/2"]
[TimeControl "30 minutes + 30 seconds per move from move one"]
[WhiteFideId "1776185"]
[BlackFideId "1722565"]
[WhiteElo "1799"]
[BlackElo "1768"]

1. e4 c6 2. d4 d5 3. e5 c5 4. c3 Nc6 5. Nf3 cxd4 6. cxd4 Bg4 7. Bb5 e6 8. Nbd2 Nge7 9. O-O a6 10.
Be2 Nf5 11. Nb3 Rc8 12. a3 Be7 13. h3 Bxf3 14. Bxf3 O-O 15. Qd3 Qb6 16. Be3 Rfd8 17. Rac1 g6 18. g4 Nxe3 19. fxe3 Na5 20.
Nxa5 Qxa5 21. b4 Qb6 22. Rc3 Rc6 23. Rfc1 Rdc8 24. e4 Rxc3 25. Rxc3 Rxc3 26. Qxc3 Qc6 27. Qxc6 bxc6 28. exd5 exd5 29. Be2 Bg5 30. Kf2 Bc1 31. a4 Bd2 32. Bxa6 Bxb4 33. Bb7 c5 34.
dxc5 Bxc5+ 35. Ke2 d4 36. Bd5 Kg7 37. Kd3 f5 38. gxf5 gxf5 39. e6 Kf6 40. a5 Ke5 41. Bc4 Kd6 42.
a6 Ba7 43. Ke2 Ke7 44. Kf3 Kf6 45. Kg3 Bb8+ 46. Kh4 d3 47. Bb3 d2 48. Kh5 d1=Q+ 49. Bxd1 Kxe6 50. Kh6 f4 51. Kxh7 Kd6 52.
Kg6 Ke7 53. h4 Kf8 54. h5 Kg8 55. Kf5 Kh7 56. Ke6 Kh6 57. Kd7 Ba7 58. Kc6 Be3 59. Kb7 Bd4 60. a7 Bxa7 61. Kxa7 Kg5 62.
Kb6 Kh6 63. Kc5 Kg5 64. Kd5 Kf5 65. Kd4 Kg5 66. Ke5 Kh6 67. Kxf4 Kg7 68. Kf5 Kh6 69. Kf6 Kh7 70. Kf7 Kh8 71.
Bg4 Kh7 72. Bf5 Kh8 73. Ke8 Kg7 74. Be6 Kh6 75. Bf7 Kg7 76. Ke7 Kh6 77. Kf8 Kh7 78. Bg6+ Kh8 79. Ke7 Kg7 80. Ke6 Kh8 81.
Kf6 Kg8 82. Kg5 Kg7 83. h6+ Kh8 84. Kf6 Kg8 85. Bf7+ Kh7 86. Kg5 Kh8 87. Bg6 Kg8 88. h7+ Kg7 89. Kf5 Kh8 90. Ke6 Kg7 91.
Ke7 Kh8 1/2-1/2

[Event "Vegagatan U1800-A"]
[Site "Goteborgs Schackcentrum, Vegatan 20, Gothenburg, Sweden"]
[Date "2025.05.03"]
[Round "2.1"]
[White "Hitcher, Oscar"]
[Black "Gustavsson, Ville"]
[Result "0-1"]
[TimeControl "30 minutes + 30 seconds per move from move one"]
[WhiteFideId "1746901"]
[BlackFideId "1792822"]
[WhiteElo "1716"]
[BlackElo "1752"]

1. Nf3 Nf6 2. e3 g6 3. d4 Bg7 4. c4 d6 5. Nc3 O-O 6. Be2 c5 7. O-O Bf5 8. Nh4 Bd7 9. Qb3 Nc6 10.
Rd1 cxd4 11. exd4 Qc7 12. Nb5 Qb6 13. Be3 Na5 14. Qc2 Rac8 15. b3 Bxb5 16. d5 Qc7 17. Qd3 Bd7 18. Rdc1 b6 19.
Rab1 Nb7 20. b4 Ng4 21. Bd4 Ne5 22. Bxe5 Bxe5 23. Qb3 e6 24. g3 exd5 25. cxd5 Qxc1+ 26. Rxc1 Rxc1+ 27. Kg2 Rfc8 28.
Nf3 R8c3 29. Qb2 R1c2 30. Qb1 Rxe2 31. Ng1 Rec2 32. a4 Bxa4 33. Nf3 Bb5 34. Nxe5 Be2 35. Nd7 Rc1 36. Nf6+ Kg7 37.
Ne8+ Kh8 38. Qb2 Bf1+ 39. Kg1 Bh3+ 0-1

[Event "Vegagatan U1800-A"]
[Site "Goteborgs Schackcentrum, Vegatan 20, Gothenburg, Sweden"]
[Date "2025.05.03"]
[Round "2.2"]
[White "Murugaraja, Yogeshwer"]
[Black "Al Jomaa, Valid"]
[Result "1-0"]
[TimeControl "30 minutes + 30 seconds per move from move one"]
[WhiteFideId "1779389"]
[BlackFideId "1766554"]
[WhiteElo "1762"]
[BlackElo "1720"]

1. Nf3 d5 2. g3 c5 3. c4 dxc4 4. Qa4+ Bd7 5. Qxc4 e6 6. Ne5 Nc6 7. Nxd7 Qxd7 8. Bg2 Nf6 9. O-O Be7 10.
d3 O-O 11. b3 Nd4 12. Re1 b5 13. Qc3 Nd5 14. Qd2 Rac8 15. e3 Nc6 16. Bb2 Ndb4 17. Rd1 Rfd8 18. Bf1 Bf6 19. Bxf6 gxf6 20.
a3 Ne5 21. Be2 Nbc6 22. Nc3 Qb7 23. Ne4 Qe7 24. Qc3 b4 25. Qxc5 Qxc5 26. Nxc5 bxa3 27. d4 Ng6 28. Rxa3 Nxd4 29. exd4 e5 30. Nb7 Rxd4 31.
Rxd4 exd4 32. Rxa7 Rc3 33. Ra8+ Kg7 34. Bc4 Ne5 35. Rd8 Nxc4 36. bxc4 Rxc4 37. Nd6 Rc7 38. Ne8+ 1-0

[Event "Vegagatan U1800-A"]
[Site "Goteborgs Schackcentrum, Vegatan 20, Gothenburg, Sweden"]
[Date "2025.05.03"]
[Round "2.3"]
[White "Norberg, Peter"]
[Black "Nilsson, Christer"]
[Result "0-1"]
[TimeControl "30 minutes + 30 seconds per move from move one"]
[WhiteFideId "1776185"]
[BlackFideId "1777602"]
[WhiteElo "1799"]
[BlackElo "1710"]

1. e4 e5 2. Nf3 Nc6 3. Bb5 a6 4. Ba4 Nf6 5. O-O d6 6. d3 h6 7. h3 Be7 8. c3 Bd7 9. Be3 b5 10. Bb3 Na5 11. Bc2 c5 12.
b4 Nc6 13. bxc5 dxc5 14. Nbd2 Be6 15. Nb3 Nd7 16. d4 exd4 17. cxd4 Bxb3 18. axb3 Nb4 19. dxc5 Nxc5 20. Qxd8+ Rxd8 21.
Bb1 O-O 22. Bxc5 Bxc5 23. Ne1 Rd2 24. Nf3 Rb2 25. Ra3 Rd8 26. Ne5 Rxf2 27. Rxf2 Rd1+ 28. Kh2 Bxf2 29. Nd3 Nxd3 30. Bxd3 Rxd3 31.
Rxa6 b4 32. Ra2 Be1 33. Kg1 Rxb3 34. Re2 Rb1 35. Kh2 b3 36. h4 Bc3 37. Kg3 Rc1 38. Kf3 b2 0-1

[Event "Vegagatan U1800-A"]
[Site "Goteborgs Schackcentrum, Vegatan 20, Gothenburg, Sweden"]
[Date "2025.05.03"]
[Round "2.4"]
[White "Zejak, Branislav"]
[Black "Evertsson, David"]
[Result "1-0"]
[TimeControl "30 minutes + 30 seconds per move from move one"]
[WhiteFideId "1722565"]
[BlackFideId "1777424"]
[WhiteElo "1768"]
[BlackElo "1705"]

1. c4 e5 2. g3 c6 3. Nf3 e4 4. Nd4 d5 5. cxd5 cxd5 6. Bg2 Nc6 7. Nxc6 bxc6 8. O-O Nf6 9. d3 exd3 10.
Qxd3 Be7 11. b3 O-O 12. Bb2 Be6 13. Nd2 Rc8 14. Nf3 Qb6 15. Ng5 g6 16. e4 Rfd8 17. Qf3 d4 18. Qf4 Nh5 19.
Qd2 1-0

[Event "Vegagatan U1800-A"]
[Site "Goteborgs Schackcentrum, Vegatan 20, Gothenburg, Sweden"]
[Date "2025.05.03"]
[Round "3.1"]
[White "Al Jomaa, Valid"]
[Black "Hitcher, Oscar"]
[Result "1/2-1/2"]
[TimeControl "30 minutes + 30 seconds per move from move one"]
[WhiteFideId "1766554"]
[BlackFideId "1746901"]
[WhiteElo "1720"]
[BlackElo "1716"]

1. d4 e6 2. c4 d5 3. Nc3 Nf6 4. Bg5 Be7 5. e3 O-O 6. Nf3 b6 7. cxd5 exd5 8. Bd3 h6 9. Bh4 Ba6 10.
Bxa6 Nxa6 11. Qe2 Nb4 12. a3 Nc6 13. b4 Ne4 14. Bxe7 Nxe7 15. Nxe4 dxe4 16. Ne5 a5 17. b5 Qd5 18. Qc4 Qxc4 19. Nxc4 Nd5 20. Kd2 g5 21. Rac1 f6 22.
h3 Kg7 23. Nb2 f5 24. Nd1 f4 25. Ke2 Rac8 26. Nc3 Nxc3+ 27. Rxc3 Rf5 28. Rhc1 Rxb5 29. Rxc7+ Rxc7 30. Rxc7+ Kg6 31. Rc6+ Kg7 32. d5 Rxd5 33.
Rxb6 Rd3 34. Re6 Rxa3 35. Rxe4 Ra2+ 36. Kf1 Ra1+ 37. Ke2 Ra2+ 38. Kf1 1/2-1/2

[Event "Vegagatan U1800-A"]
[Site "Goteborgs Schackcentrum, Vegatan 20, Gothenburg, Sweden"]
[Date "2025.05.03"]
[Round "3.2"]
[White "Gustavsson, Ville"]
[Black "Norberg, Peter"]
[Result "0-1"]
[TimeControl "30 minutes + 30 seconds per move from move one"]
[WhiteFideId "1792822"]
[BlackFideId "1776185"]
[WhiteElo "1752"]
[BlackElo "1799"]

1. e4 e5 2. Nf3 Nc6 3. Bb5 Nf6 4. O-O Nxe4 5. Re1 Nd6 6. Nxe5 Be7 7. Ba4 O-O 8. Nc3 Nxe5 9. Rxe5 Bf6 10.
Re1 c6 11. d3 a5 12. Bb3 Bxc3 13. bxc3 a4 14. Bf4 Nf5 15. g4 Nh4 16. Bd6 Re8 17. Bxf7+ Kxf7 18. Rxe8 Qxe8 19. Qc1 Kg8 0-1

[Event "Vegagatan U1800-A"]
[Site "Goteborgs Schackcentrum, Vegatan 20, Gothenburg, Sweden"]
[Date "2025.05.03"]
[Round "3.3"]
[White "Evertsson, David"]
[Black "Murugaraja, Yogeshwer"]
[Result "0-1"]
[TimeControl "30 minutes + 30 seconds per move from move one"]
[WhiteFideId "1777424"]
[BlackFideId "1779389"]
[WhiteElo "1705"]
[BlackElo "1762"]

1. e4 c5 2. Nf3 Nc6 3. d4 cxd4 4. Nxd4 Nf6 5. Nc3 e5 6. Ndb5 d6 7. Bg5 Be7 8. Bxf6 Bxf6 9. Nd5 O-O 10.
Bc4 a6 11. Nbc7 Ra7 12. Bb3 b5 13. Nxf6+ Qxf6 14. Nd5 Qg6 15. Qd3 Qxg2 16. O-O-O Qxf2 17. Rdf1 Qh4 18. Rhg1 Kh8 19. c3 Na5 20.
Rf3 Nxb3+ 21. axb3 Be6 22. Rfg3 Bxd5 23. exd5 Qf4+ 24. Kb1 f5 25. Rf1 e4 26. Rxf4 exd3 27. Rxd3 g5 28. Rf2 Re7 29. c4 bxc4 30.
bxc4 Rc7 31. b3 Kg7 32. Re3 f4 33. Re6 Rd7 34. b4 h5 35. c5 dxc5 36. Rxa6 Rxd5 37. b5 Rb8 38. b6 Rd6 39.
Ra7+ Kf6 40. b7 Rb6+ 41. Rb2 Rxb2+ 42. Kxb2 f3 43. Ra1 Rxb7+ 44. Kc3 g4 45. Rd1 h4 46. Rd8 Rf7 47. Rd6+ Kg7 48.
Rd5 f2 0-1

[Event "Vegagatan U1800-A"]
[Site "Goteborgs Schackcentrum, Vegatan 20, Gothenburg, Sweden"]
[Date "2025.05.03"]
[Round "3.4"]
[White "Nilsson, Christer"]
[Black "Zejak, Branislav"]
[Result "1/2-1/2"]
[TimeControl "30 minutes + 30 seconds per move from move one"]
[WhiteFideId "1777602"]
[BlackFideId "1722565"]
[WhiteElo "1710"]
[BlackElo "1768"]

1. e4 c6 2. d4 d5 3. Nd2 dxe4 4. Nxe4 Nf6 5. Ng3 e6 6. Nf3 Be7 7. Bc4 b5 8. Bb3 Bb7 9. O-O O-O 10.
c3 Nbd7 11. Qe2 a6 12. h3 c5 13. dxc5 Nxc5 14. Bc2 Qc7 15. Rd1 Rfd8 16. Bd2 h6 17. Be1 Rxd1 18. Rxd1 Rd8 19. b4 Rxd1 20.
Bxd1 Nce4 21. Nxe4 Nxe4 22. Qd3 Qd6 23. Bc2 Qxd3 24. Bxd3 Nd6 25. Ne5 f6 26. Ng6 Kf7 27. Nf4 Be4 28.
f3 Bxd3 29. Nxd3 Nc4 30. Kf2 Ke8 31. Ke2 Kd7 32. Bf2 a5 33. Kd1 axb4 34. cxb4 e5 35. Kc2 Kc6 36. Kc3 g5 37. a4 Nb6 38.
Bxb6 Kxb6 39. a5+ Kc6 40. Nf2 h5 41. g4 h4 42. Ne4 Bd8 43. Nc5 Be7 1/2-1/2

[Event "Vegagatan U1800-A"]
[Site "Goteborgs Schackcentrum, Vegatan 20, Gothenburg, Sweden"]
[Date "2025.05.03"]
[Round "4.1"]
[White "Norberg, Peter"]
[Black "Al Jomaa, Valid"]
[Result "1-0"]
[TimeControl "30 minutes + 30 seconds per move from move one"]
[WhiteFideId "1776185"]
[BlackFideId "1766554"]
[WhiteElo "1799"]
[BlackElo "1720"]

1. e4 c6 2. d4 d5 3. e5 Bf5 4. Nf3 e6 5. Be2 c5 6. c3 cxd4 7. cxd4 Nc6 8. O-O Nge7 9. Nc3 Bg6 10.
Bg5 h6 11. Bh4 Qd7 12. Qa4 Nf5 13. a3 Ncxd4 14. Bb5 Nc6 15. Ne2 Nxh4 16. Nxh4 Be7 17. Nxg6 fxg6 18. Nd4 Rc8 19. Rac1 O-O 20.
Bxc6 bxc6 21. Nxc6 Bg5 22. Rc3 Qf7 23. Qxa7 Qxa7 24. Nxa7 Rxc3 25. bxc3 Ra8 26. Nb5 1-0

[Event "Vegagatan U1800-A"]
[Site "Goteborgs Schackcentrum, Vegatan 20, Gothenburg, Sweden"]
[Date "2025.05.03"]
[Round "4.2"]
[White "Hitcher, Oscar"]
[Black "Evertsson, David"]
[Result "0-1"]
[TimeControl "30 minutes + 30 seconds per move from move one"]
[WhiteFideId "1746901"]
[BlackFideId "1777424"]
[WhiteElo "1716"]
[BlackElo "1705"]

1. Nf3 Nf6 2. e3 d5 3. c4 e6 4. Nc3 c5 5. cxd5 exd5 6. Bb5+ Nc6 7. O-O Bd6 8. d4 O-O 9. Bxc6 bxc6 10.
dxc5 Bxc5 11. a3 Bg4 12. h3 Bh5 13. b4 Bb6 14. Na4 Bc7 15. Bb2 Qd6 16. g3 Ne4 17. Qd4 f6 18. g4 Ng5 19.
Kg2 Nxf3 20. Kxf3 Bg6 21. Ke2 Rae8 22. Rac1 a5 23. bxa5 Bxa5 24. Qc5 Qxc5 25. Rxc5 Ra8 26. Nc3 Rfc8 27.
Na2 Bb6 28. Rc3 d4 29. exd4 Bxd4 30. Rb3 Bxb2 31. Rxb2 Rxa3 32. Rd2 Rxh3 33. Rfd1 Re8+ 34. Kf1 Rh1+ 35. Kg2 Rxd1 36. Rxd1 Re7 37.
Rd8+ Kf7 38. Rc8 Be4+ 39. Kg3 Bd5 40. Nb4 Re6 41. Rc7+ Re7 42. Rc8 Re6 43. Rc7+ Kg6 44. Nd3 Re4 45.
Nf4+ Kh6 46. Nd3 Rc4 47. Nb2 Rd4 48. Rc8 Rxg4+ 49. Kxg4 Be6+ 50. Kf4 Bxc8 51. Nd3 g5+ 52. Kg3 Kg6 53.
Kf3 h5 54. Kg3 h4+ 55. Kf3 Kf5 56. Kg2 Kg4 57. f3+ Kf5 58. Kf2 Be6 0-1

[Event "Vegagatan U1800-A"]
[Site "Goteborgs Schackcentrum, Vegatan 20, Gothenburg, Sweden"]
[Date "2025.05.03"]
[Round "4.3"]
[White "Nilsson, Christer"]
[Black "Gustavsson, Ville"]
[Result "1-0"]
[TimeControl "30 minutes + 30 seconds per move from move one"]
[WhiteFideId "1777602"]
[BlackFideId "1792822"]
[WhiteElo "1710"]
[BlackElo "1752"]

1. e4 c6 2. d4 d5 3. exd5 cxd5 4. c3 Nc6 5. Nf3 Nf6 6. Bd3 Bg4 7. Nbd2 e6 8. Qc2 Bd6 9. h3 Bxf3 10.
Nxf3 Rc8 11. Qe2 h6 12. Ne5 Nd7 13. Nxc6 Rxc6 14. Bb5 Rc7 15. Qg4 Kf8 16. O-O a6 17. Bd3 b5 18. f4 Rc6 19.
f5 Nf6 20. Qf3 b4 21. Bd2 bxc3 22. bxc3 Qb6 23. fxe6 fxe6 24. Qe2 e5 25. Rab1 Qa7 26. Kh1 e4 27. Bc2 Kg8 28. Bb3 Kh7 29.
Rxf6 gxf6 30. Bxd5 Rc7 31. Bxe4+ Kg7 32. Qg4+ Kf8 33. Rf1 Rf7 34. Bd5 Rg8 35. Bxh6+ 1-0

[Event "Vegagatan U1800-A"]
[Site "Goteborgs Schackcentrum, Vegatan 20, Gothenburg, Sweden"]
[Date "2025.05.03"]
[Round "4.4"]
[White "Zejak, Branislav"]
[Black "Murugaraja, Yogeshwer"]
[Result "1/2-1/2"]
[TimeControl "30 minutes + 30 seconds per move from move one"]
[WhiteFideId "1722565"]
[BlackFideId "1779389"]
[WhiteElo "1768"]
[BlackElo "1762"]

1. c4 Nf6 2. Nc3 g6 3. g3 Bg7 4. Bg2 c5 5. e4 Nc6 6. d3 O-O 7. Nge2 e5 8. O-O d6 9. a3 Be6 10.
Nd5 Qd7 11. Bg5 Ne8 12. Qd2 Bh3 13. b4 Bxg2 14. Kxg2 cxb4 15. axb4 f5 16. Nb6 axb6 17. Rxa8 fxe4 18. dxe4 Qf7 19.
f3 Qxc4 20. Rf2 Kf7 21. Kg1 Nf6 22. Rxf8+ Kxf8 23. Qxd6+ Kf7 24. Qc7+ Kf8 25. Qd6+ Kf7 26. Qc7+ Kf8 27. Qd6+ Kf7 28.
f4 1/2-1/2